[ AOE2 MATCH · #474797221 ]
UnrankedMongols vs Vietnamese
[ REPLAY ANALYSIS · EXTRACTED FROM THE RECORDED GAME ]
Feudal
—
Castle
—
Imperial
—
| APM avg | 15.2 |
| APM peak | 28 |
| eAPM avg | 4.9 |
| Villagers / military | 8 / 0 |
Focus
⚔️ 36.4% · 🌾 63.6%
Feudal
—
Castle
—
Imperial
—
| APM avg | 31.3 |
| APM peak | 42 |
| eAPM avg | 10.9 |
| Villagers / military | 5 / 0 |
Focus
⚔️ 7.7% · 🌾 92.3%
Feudal
—
Castle
—
Imperial
—
| APM avg | 10.1 |
| APM peak | 34 |
| eAPM avg | 0.9 |
| Villagers / military | 0 / 0 |
Feudal
—
Castle
—
Imperial
—
| APM avg | 55.5 |
| APM peak | 58 |
| eAPM avg | 15.5 |
| Villagers / military | 5 / 0 |
Focus
⚔️ 4.5% · 🌾 95.5%
Feudal
—
Castle
—
Imperial
—
| APM avg | 10.9 |
| APM peak | 36 |
| eAPM avg | 2.6 |
| Villagers / military | 0 / 0 |
Focus
⚔️ 25.0% · 🌾 75.0%
Feudal
—
Castle
—
Imperial
—
| APM avg | 7.8 |
| APM peak | 24 |
| eAPM avg | 1.1 |
| Villagers / military | 0 / 0 |
Focus
⚔️ 0.0% · 🌾 100.0%
Feudal
—
Castle
—
Imperial
—
| APM avg | 45.1 |
| APM peak | 54 |
| eAPM avg | 14.4 |
| Villagers / military | 5 / 0 |
Focus
⚔️ 3.1% · 🌾 96.9%
Feudal
—
Castle
—
Imperial
—
| APM avg | 0.6 |
| APM peak | 2 |
| eAPM avg | 0.6 |
| Villagers / military | 0 / 0 |
Match map
Initial resources + every placement click. Lines = walls · curves = elevation contours. ◆ gold · ⬟ stone · ● berries · ✦ relic · ◌ wall gap
Your base
Nemo's base
1165498765132's base
Feifred's base
[FORD]DarkHorse's base
Florida Man's base
Thanatos's base
叫声乌鸦哥's base
Smoothed initial terrain · ◌ = detected wall gap · hover for details
Inputs per minute
— AOELegion - - Nemo
Build order — AOELegion
6 actions detected in the replay
| 0:18 | Build | Dock |
| 0:20 | Build | House |
| 0:27 | Build | Town Center |
| 2:40 | Create | Villager (Male) ×4 |
| 2:40 | Create | Villager (Male) ×4 |
| 3:17 | Research | Loom |
Build order — Nemo
8 actions detected in the replay
| 0:32 | Build | Town Center |
| 0:44 | Build | Dock |
| 0:47 | Build | House |
| 3:06 | Create | Villager (Male) |
| 3:06 | Create | Villager (Male) |
| 3:06 | Create | Villager (Male) |
| 3:07 | Create | Villager (Male) |
| 3:07 | Create | Villager (Male) |
Build order — 1165498765132
0 actions detected in the replay
Build order — Feifred
10 actions detected in the replay
| 0:05 | Build | Town Center |
| 2:20 | Build | Dock |
| 2:33 | Create | Villager (Male) |
| 2:34 | Create | Villager (Male) |
| 2:35 | Create | Villager (Male) |
| 2:35 | Create | Villager (Male) |
| 2:35 | Create | Villager (Male) |
| 2:49 | Research | Loom |
| 2:49 | Research | Loom |
| 2:58 | Build | House |
Build order — [FORD]DarkHorse
3 actions detected in the replay
| 0:20 | Build | Town Center |
| 0:57 | Build | Dock |
| 1:02 | Build | Town Center |
Build order — Florida Man
2 actions detected in the replay
| 0:27 | Build | House |
| 0:54 | Build | Town Center |
Build order — Thanatos
8 actions detected in the replay
| 0:09 | Build | Town Center |
| 1:14 | Build | Dock |
| 1:16 | Build | House |
| 2:27 | Create | Villager (Male) |
| 2:27 | Create | Villager (Male) |
| 2:28 | Create | Villager (Male) |
| 2:28 | Create | Villager (Male) |
| 2:28 | Create | Villager (Male) |
Build order — 叫声乌鸦哥
0 actions detected in the replay
Match timeline
| 0:18 | AOELegion · first_building Dock |
| 0:44 | Nemo · first_building Dock |
| 0:57 | [FORD]DarkHorse · first_building Dock |
| 1:04 | 1165498765132 · resign |
| 1:14 | Thanatos · first_building Dock |
| 2:20 | Feifred · first_building Dock |
[ AI ANALYSIS · 1 CREDIT ]
What really happened in this match?
Wolo.gg analyzes every decision: build order, eco, micro, common mistakes by bracket. Personalized analysis on WhatsApp or Discord in 30 seconds.
Civ guide
Mongols
Perfil
Jugador #22450294